 Dungeon Crawl Stone Soup version 0.23-a0-650-ga4d50d4 (console) character file.

30 Duffy the Firebug (level 3, 24/24 HPs)
             Began as a Demonspawn Fire Elementalist on Jan 6, 2019.
             Quit the game on level 2 of the Dungeon.
             The game lasted 00:01:19 (1703 turns).

Duffy the Firebug (Demonspawn Fire Elementalist)    Turns: 1703, Time: 00:01:20

Health: 24/24      AC:  4    Str:  8    XL:     3   Next: 5%
Magic:  6/6        EV: 12    Int: 17    God:
Gold:   52         SH:  0    Dex: 13    Spells: 6/7 levels left

rFire    . . .     SeeInvis .   f - +0 dagger
rCold    . . .     Gourm    .   (no shield)
rNeg     . . .     Faith    .   a - +0 robe
rPois    .         Spirit   .   (no helmet)
rElec    .         Reflect  .   (no cloak)
rCorr    .         Harm     .   (no gloves)
MR       .....                  (no boots)
Stlth    ++........             (no amulet)
HPRegen  0.08/turn              (no ring)
MPRegen  0.10/turn              (no ring)

@: no status effects
A: slimy green scales 1, powered by death 1
a: no special abilities


You were on level 2 of the Dungeon.
You were not hungry.

You visited 1 branch of the dungeon, and saw 2 of its levels.

You collected 52 gold pieces.

Inventory:

Hand Weapons
 f - a +0 dagger (weapon)
 k - a +1 short sword of holy wrath
Armour
 a - a +0 robe (worn)
Scrolls
 d - 2 scrolls of amnesia {unknown}
 e - a scroll of blinking {unknown}
 g - a scroll of teleportation {unknown}
Potions
 b - a potion of agility {unknown}
 h - 2 potions of degeneration {unknown}
 i - a potion of lignification {unknown}
Comestibles
 c - a ration


   Skills:
 - Level 1.7 Dodging
 - Level 1.7 Stealth
 + Level 2.5 Spellcasting
 + Level 1.8 Conjurations
 + Level 3.1 Fire Magic


You had 6 spell levels left.
You knew the following spells:

 Your Spells              Type           Power        Failure   Level  Hunger
h - Flame Tongue          Conj/Fire      ##...        7%          1    #......

Your spell library contained the following spells:

 Spells                   Type           Power        Failure   Level  Hunger
 Throw Flame              Conj/Fire      ##....       10%         2    ##.....
 Conjure Flame            Conj/Fire      ##......     21%         3    ###....
 Inner Flame              Hex/Fire       #.......     28%         3    ###....
 Sticky Flame             Conj/Fire      ##......     54%         4    #####..
 Fireball                 Conj/Fire      ##........   88%         5    ######.


Dungeon Overview and Level Annotations

Branches:
Dungeon (2/15)

Altars:
Nemelex Xobeh


Innate Abilities, Weirdness & Mutations

You are partially covered in slimy green scales. (AC +2)
You regenerate a little health from kills.


Message History

Aim: a worm (almost dead)
The flame tongue hits the worm.
You kill the worm!
You have reached level 3!
Your experience leads to an increase in your attributes!
Increase (S)trength, (I)ntelligence, or (D)exterity?
You feel clever.
Your demonic ancestry asserts itself...
Slimy green scales grow over part of your body.
Magic restored.
Done exploring.
(D) Dungeon
Where to? (Enter - D:2, ? - help) All of the chunks of flesh in your inventory have rotted away.
There is a stone staircase leading down here.
You climb downwards.
There is a stone staircase leading up here.
Things that are here:
23 sling bullets; a +0 club; a cursed -3 hunting sling
Found a robe.
Found a stone staircase leading up.
Are you sure you want to abandon this character and quit the game? (Confirm

#...........#.......#
#<......#.#.#%....... .#
#.........#.#.##>...# ..#
#..#8#..###.#.# .#.#.#..#
#..#.#..# #.#.# .#.##..
#..#.#..###%#[##......
#..#.#..........# ..#
#..#>#..###.#.#.##.###..#
#..#_#........#.(@).....#
#..###.......##....)...##
..#####.##(##.##..# ####
#.##.# ?# <.[ #>.... .. #
####.##.## #.# .# #.. ..
...


There were no monsters in sight!

Vanquished Creatures
  A worm (D:1)
  A dart slug (D:1)
  A leopard gecko (D:1)
  A ball python (D:1)
  A giant cockroach (D:1)
  3 goblins
  2 hobgoblins (D:1)
  7 bats
  2 frilled lizards (D:1)
  4 kobolds (D:1)
  2 rats (D:1)
25 creatures vanquished.

Notes
Turn   | Place    | Note
-------+----------+-------------------------------------------
     0 | D:1      | Duffy the Demonspawn Fire Elementalist began the quest for
                  | the Orb.
     0 | D:1      | Reached XP level 1. HP: 13/13 MP: 3/3
   484 | D:1      | Gained mutation: You regenerate a little health from kills.
                  | [demonic ancestry]
   484 | D:1      | Reached XP level 2. HP: 19/19 MP: 1/5
   835 | D:1      | Reached skill level 3 in Fire Magic
  1426 | D:2      | Found a sparkling altar of Nemelex Xobeh.
  1630 | D:1      | Gained mutation: You are partially covered in slimy green
                  | scales. (AC +2) [demonic ancestry]
  1630 | D:1      | Reached XP level 3. HP: 24/24 MP: 1/6
  1703 | D:2      | Quit the game

Vault maps used:
D:1:      nagdon_arrival_double_spiral
D:2:      lemuel_statue_altar

Skill      XL: |  1  2 |
---------------+-------+-----
Fire Magic     | 3 |  3.1
Dodging        | |  1.7
Stealth        | |  1.7
Spellcasting   | |  2.5
Conjurations   | |  1.8

Action                   || total
-------------------------++-------
 Cast: Flame Tongue      ||    52
  Eat: Chunk             ||     3
Armor: Robe              ||    12
Dodge: Dodged            ||    40

Table legend:
 A = Non-vault XP
 B = Vault XP
 C = Vault XP percentage of total XP
 D = Non-vault monster count
 E = Vault monster count
 F = Vault count percentage of total count
                 A         B        C        D         E       F
            +---------+---------+-------+---------+---------+-------
      Total |      44 |       0 |   0.0 |      25 |       0 |   0.0
            +---------+---------+-------+---------+---------+-------
        D:1 |      37 |       0 |   0.0 |      21 |       0 |   0.0
        D:2 |       7 |       0 |   0.0 |       4 |       0 |   0.0
            +---------+---------+-------+---------+---------+-------
